 Dungeon Sprint DCSS version 0.28.0-47-ge53b351184 (webtiles) character file.

Game seed: 12936856625012659589

41 browni3141 the Fighter (level 3, -8/50 HPs)
             Began as an Ogre Hunter on May 4, 2022.
             Mangled by a gnoll shaman
             ... wielding a +0 whip
              (13 damage)
             ... in the Dungeon (Sprint IX: "|||||||||||||||||||||||||||||").
             The game lasted 00:00:23 (48 turns).

browni3141 the Fighter (Ogre Hunter)                  Turns: 48, Time: 00:00:24

Health: -8/50      AC:  3    Str: 18    XL:     3   Next: 52%
Magic:  3/3        EV:  9    Int: 12    God:
Gold:   0          SH:  0    Dex:  9    Spells: 2/2 levels left

rFire   . . .      SeeInvis .   a - +0 short sword
rCold   . . .      Faith    .   (no shield)
rNeg    . . .      Spirit   .   b - +0 robe
rPois   .          Reflect  .   (helmet restricted)
rElec   .          Harm     .   (no cloak)
rCorr   .          Rampage  .   (gloves unavailable)
Will    .....      NoTele   +   (boots unavailable)
Stlth   +.........              (no amulet)
HPRegen 0.16/turn               (no ring)
MPRegen 0.08/turn               (no ring)

@: no status effects
A: large, unfitting armour, tough skin 1
a: no special abilities


You were in the Dungeon.
You visited 1 branch


Innate Abilities, Weirdness & Mutations

You are too large for most types of armour.
You have tough skin. (AC +1)


   Skills:
 * Level 9.1 Fighting
 - Level 4.0 Throwing
 - Level 1.7 Dodging
 - Level 0.6 Stealth


You had 2 spell levels left.
You didn't know any spells.
Your spell library was empty.

Inventory:

Hand Weapons
 a - a +0 short sword (weapon)
Missiles
 d - 2 throwing nets (quivered)
Armour
 b - a +0 robe (worn)
Scrolls
 j - a scroll of blinking {@r3}
Potions
 e - a potion of curing {@q1}
 f - a potion of heal wounds {@q2}
 g - a potion of haste {@q3}
 h - 2 potions of magic
 i - a potion of berserk rage {!q}

Dungeon Overview and Level Annotations

Branches:
Dungeon (1/1)

Altars:

¦.¦
¦.¦
¦.¦
¦'¦
¦)¦
¦.¦
¦.¦
¦.¦
¦@¦


¦g¦ ¦.¦ ¦.¦ ¦.¦ ¦(¦ ¦.¦ ¦+¦ You could see a gnoll shaman.


Message History

Aim: a jelly (severely wounded, 90% to hit)
You throw a large rock. The large rock hits the jelly!
You kill the jelly!
The quokka closely misses you.
Your Fighting skill gained 3 levels and is now at level 9!
You have reached level 3!
Your experience leads to an increase in your attributes!
Increase (S)trength, (I)ntelligence, or (D)exterity?
You feel stronger. x3
You puncture the quokka!
You kill the quokka!
You hit the gnoll shaman but do no damage.
The gnoll shaman hits you with a +0 whip!
* * * LOW HITPOINT WARNING * * *
You are too injured to fight recklessly!
You are too injured to fight recklessly!
You are too injured to fight recklessly!
You are too injured to fight recklessly!
You are too injured to fight recklessly!
You are too injured to fight recklessly!
You are too injured to fight recklessly!
Throw: large rock
Press: ? - help, Q - select action, (/) - cycle Shift-Dir - straight line, f - gnoll shaman
Aim: a gnoll shaman, wielding a +0 whip and wearing a +0 robe (65% to hit)
You throw a large rock. The large rock hits the gnoll shaman.
The gnoll shaman is moderately wounded.
The gnoll shaman hits you with a +0 whip!
* * * LOW HITPOINT WARNING * * *
The gnoll shaman hits you with a +0 whip!
You die...

Skill      XL: |  1  2 |
---------------+-------+-----
Fighting       | 6 9 |  9.1
Throwing       | |  4.0
Dodging        | |  1.7
Stealth        | |  0.6

Action                   || total
-------------------------++-------
Melee: Short sword       ||    13
Throw: Large rock        ||     5
Armor: Robe              ||    10
Dodge: Dodged            ||     9

Levels and vault maps discovered:
D:        linesprint [early_d, line_temple, items_1, d_10, items_2, lair_1,
          lair_end, items_3, orc_1, orc_end, items_4, d_15, swamp_1, shoals_1,
          snake_1, spider_1, d_20, vaults_1, items_5, swamp_end, shoals_end,
          snake_end, spider_end, vaults_end, d_27, items_6, zot_1, zot_end,
          crypt_end, forest_end, elf_end, slime_end, tomb_end, abyss_end,
          pan_hell_end]

Notes
Turn   | Place    | Note
-------+----------+-------------------------------------------
     0 | D        | browni3141 the Ogre Hunter began the quest for the Orb.
     0 | D        | Reached XP level 1. HP: 22/22 MP: 1/1
     5 | D        | Reached skill level 3 in Fighting
     9 | D        | Reached skill level 4 in Fighting
    14 | D        | Reached skill level 5 in Fighting
    38 | D        | Noticed a jelly
    38 | D        | Noticed a gnoll shaman
    43 | D        | Reached skill level 6 in Fighting
    43 | D        | Reached XP level 2. HP: 28/36 MP: 2/2
    46 | D        | Reached skill level 9 in Fighting
    46 | D        | Reached XP level 3. HP: 24/50 MP: 3/3
    48 | D        | HP: 5/50 [gnoll shaman/+0 whip (9)]
    48 | D        | Mangled by a gnoll shaman

Vanquished Creatures
  A jelly (D)
  An ufetubus (D)
  A ball python (D)
  A quokka (D)
  2 bats (D)
  A giant cockroach zombie (D)
  A goblin (D)
  A rat (D)
9 creatures vanquished.

Table legend: (Time is in decaauts)
 A = Elapsed time spent in this place.
 B = Non-inter-level travel time spent in this place.
 C = Inter-level travel time spent in this place.
 D = Time resting spent in this place.
 E = Time spent auto-exploring this place.
 F = Levels seen in this place.
 G = Mean time per level.
                   A        B        C        D        E       F      G
               +--------+--------+--------+--------+--------+-----+--------+
         Total |     52 |     52 |      0 |     20 |      3 |   1 |   52.0 |
       Dungeon |     52 |     52 |      0 |     20 |      3 |   1 |   52.0 |
               +--------+--------+--------+--------+--------+-----+--------+

Top non-repeatable levels by time:
       D: 52 daAuts

Table legend:
 A = Non-vault XP
 B = Vault XP
 C = Vault XP percentage of total XP
 D = Non-vault monster count
 E = Vault monster count
 F = Vault count percentage of total count
                 A         B        C        D         E       F
            +---------+---------+-------+---------+---------+-------
      Total |       0 |      59 | 100.0 |       0 |       9 | 100.0
            +---------+---------+-------+---------+---------+-------
          D |       0 |      59 | 100.0 |       0 |       9 | 100.0
            +---------+---------+-------+---------+---------+-------
